 Dungeon Crawl Stone Soup version 0.25.1-2-g60ff931df9 (webtiles) character file.

Game seed: 7814272756555486464

954 DildoBatman the Conjurer (level 8, -1/52 HPs)
             Began as a Formicid Wizard on Sept 3, 2020.
             Killed by divine providence
             ... invoked by an orc priest
              (15 damage)
             ... on level 6 of the Dungeon.
             The game lasted 00:20:18 (6061 turns).

DildoBatman the Conjurer (Formicid Wizard)          Turns: 6061, Time: 00:20:19

Health: -1/52      AC:  8    Str: 11    XL:     8   Next: 36%
Magic:  4/12       EV: 25    Int: 21    God:
Gold:   111        SH:  0    Dex:  9    Spells: 6/13 levels left

rFire    . . .     SeeInvis +   a - +7 morningstar of Zixoddug {freeze, rElec}
rCold    + . .     Gourm    .   (no shield)
rNeg     + . .     Faith    .   d - +2 ring mail {rN+}
rPois    +         Spirit   .   (helmet unavailable)
rElec    +         Reflect  .   (no cloak)
rCorr    .         Harm     .   B - +0 pair of gloves
MR       .....                  (no boots)
Stlth    +.........             g - amulet of the acrobat
HPRegen  0.17/turn              f - ring of protection from cold
MPRegen  0.13/turn              o - ring of poison resistance

@: acrobat
A: permanent stasis, dig shafts and tunnels, four strong arms, antennae 3
a: Dig, Shaft Self


You were on level 6 of the Dungeon.
You were not hungry.

You visited 2 branches of the dungeon, and saw 7 of its levels.

You collected 249 gold pieces.
You spent 138 gold pieces at shops.

Inventory:

Hand Weapons
 a - the +7 morningstar of Zixoddug (weapon) {freeze, rElec}
   (You found it on level 5 of the Dungeon)

   It has been specially enchanted to freeze those struck by it, causing extra
   injury to most foes and up to half again as much damage against particularly
   susceptible opponents.
   It can also slow down cold-blooded creatures.
   It insulates you from electricity.
 b - a +0 hunting sling
 e - a +0 spear
Missiles
 c - 118 stones
 h - 109 arrows
 l - 9 sling bullets
 u - 13 boomerangs (quivered)
 y - 45 bolts
Armour
 d - a +2 ring mail of positive energy (worn)
 s - a +0 robe
 B - a +0 pair of gloves (worn)
Jewellery
 f - a ring of protection from cold (left hand)
 g - an amulet of the acrobat (around neck)
 o - a ring of poison resistance (right hand)
 G - an uncursed amulet of reflection
Wands
 i - a wand of paralysis (10)
 A - a wand of flame (1)
 H - a wand of random effects (8)
Scrolls
 k - a scroll of teleportation {unknown}
 n - a scroll of fog {unknown}
 r - a scroll of immolation {unknown}
 t - a scroll of enchant weapon {unknown}
 x - 3 scrolls of remove curse
 z - a scroll of amnesia {unknown}
 C - a scroll of vulnerability {unknown}
 D - a scroll of torment {unknown}
 I - a scroll of magic mapping {unknown}
Potions
 j - 4 potions of curing
 m - a potion of degeneration {unknown}
 p - 2 potions of heal wounds {unknown}
 F - a potion of lignification
Comestibles
 q - 4 chunks of flesh
 v - 10 rations


   Skills:
 - Level 1.7 Dodging
 - Level 2.4 Stealth
 - Level 3.2 Spellcasting
 - Level 6.0 Conjurations
   Level 1.0 Summonings
   Level 0.8 Translocations
 * Level 4.1 Fire Magic
 * Level 3.5 Air Magic


You had 6 spell levels left.
You knew the following spells:

 Your Spells              Type           Power        Failure   Level  Hunger
a - Conjure Flame         Conj/Fire      ###.....     12%         3    ###....
c - Magic Dart            Conj           ####         2%          1    None
e - Mephitic Cloud        Conj/Pois/Air  ###.....     26%         3    ###....

Your spell library contained the following spells:

 Spells                   Type           Power        Failure   Level  Hunger
 Summon Small Mammal      Summ           #...         22%         1    None
 Call Imp                 Summ           #.......     32%         2    ##.....
 Slow                     Hex            #.......     43%         2    ##.....
 Call Canine Familiar     Summ           #.......     54%         3    ###....
 Summon Guardian Golem    Hex/Summ       #.......     61%         3    ###....
 Summon Lightning Spire   Summ/Air       ##......     77%         4    ####...
 Summon Ice Beast         Ice/Summ       #.......     95%         4    ####...
 Blink                    Tloc           Unusable     N/A         2    N/A

Dungeon Overview and Level Annotations

Branches:
Dungeon (6/15)             Temple (1/1) D:6

Altars:
Ashenzari
Dithmenos
Elyvilon
Fedhas
Hepliaklqana
Makhleb
Nemelex Xobeh
Okawaru
Qazlal
Ru
Sif Muna
Trog
Uskayaw
Vehumet
Wu Jian
Xom
Yredelemnul
The Shining One

Shops:
D:4 !   D:5 *

Annotations:
D:4 Blork the orc
D:5 1 exclusion


Innate Abilities, Weirdness & Mutations

You cannot be hasted, slowed, berserked, paralysed or teleported.
You can dig through walls and to a lower floor.
Your four strong arms can wield two-handed weapons with a shield.
You have a pair of large antennae on your head. (SInv)


Message History

Confirm with . or Enter, or press ? or * to list all spells.
The fire begins to smolder!
The fire ignites!
You close the door.
You hear the rusting of a distant drain.
An orc warrior opens the door.
Found a sedimented orange potion.
You are feeling very hungry.
Autopickup is now off.
You see here a sedimented orange potion.
Eat one of 5 chunks of flesh? (ye/n/q)
You eat one of the 5 chunks of flesh.
Found a stone staircase leading up.
An electric eel comes into view.
The electric eel shoots out a bolt of lightning at you!
The bolt of electricity hits you. You resist.
The orc priest calls down the wrath of Beogh upon you.
Beogh smites you!
You die...

..........!.###...#
........?.#o##..#
......#####....# ÷.#.#.#
###..##### .)....#
#......#####
......#######o..........
#..................####
#..........###.....#
#..........###..@..#
#........#.<.#.....#
.........).).#.....#
≈≈≈≈......#..........#
≈≈≈≈≈≈.................
≈≈≈≈≈≈≈≈.......≈≈≈≈.≈≈≈≈
≈≈≈≈≈≈≈≈≈..###$≈≈≈≈.≈≈≈≈
)..≈≈≈≈≈≈......≈≈≈≈.≈≈≈≈
.>.≈≈≈≈≈≈..###.≈≈≈≈.≈;≈


You could see an orc warrior and an orc priest.

Vanquished Creatures
  3 ogres (D:5)
  2 bullfrogs
  A howler monkey (D:6)
  A crimson imp (Temple)
  A jelly (Temple)
  A bullfrog zombie (D:6)
  3 hounds
  3 orc wizards
  A bullfrog skeleton (D:4)
  3 worker ants
  7 gnolls
  6 adders
  2 oozes
  A worm (D:5)
  4 dart slugs
  4 leopard geckos
  9 orcs
  2 ball pythons
  4 giant cockroaches
  4 jackals
  3 quokkas
  6 bats
  2 frilled lizards (D:3)
  10 goblins
  7 kobolds
  A quokka zombie (D:5)
  6 rats
97 creatures vanquished.

Notes
Turn   | Place    | Note
-------+----------+-------------------------------------------
     0 | D:1      | DildoBatman the Formicid Wizard began the quest for the
                  | Orb.
     0 | D:1      | Reached XP level 1. HP: 13/13 MP: 4/4
    95 | D:1      | Reached skill level 1 in Conjurations
   160 | D:1      | Reached XP level 2. HP: 19/19 MP: 0/6
   300 | D:1      | Reached skill level 2 in Conjurations
   578 | D:1      | Reached XP level 3. HP: 24/24 MP: 5/7
  1242 | D:2      | Reached skill level 3 in Conjurations
  1437 | D:2      | Reached XP level 4. HP: 16/30 MP: 0/8
  1574 | D:2      | Found a bloodstained altar of Trog.
  2899 | D:3      | Reached skill level 4 in Conjurations
  2899 | D:3      | Reached XP level 5. HP: 35/35 MP: 9/9
  3092 | D:4      | Learned a level 3 spell: Conjure Flame
  3096 | D:4      | Learned a level 3 spell: Mephitic Cloud
  3550 | D:4      | HP: 2/52 [worker ant (3)]
  3670 | D:4      | Reached XP level 6. HP: 17/41 MP: 4/10
  3725 | D:4      | Reached skill level 1 in Fire Magic
  3725 | D:4      | Reached skill level 1 in Air Magic
  4080 | D:4      | Reached skill level 5 in Conjurations
  4171 | D:4      | Found Mauqe's Distillery.
  4400 | D:5      | Entered Level 5 of the Dungeon
  4474 | D:5      | Got a translucent morningstar
  4475 | D:5      | Identified the +7 morningstar of Zixoddug {freeze, rElec}
                  | (You found it on level 5 of the Dungeon)
  4483 | D:5      | Found Xoih's Assorted Antiques.
  4491 | D:5      | Bought a scroll labeled QEAFOS CING for 24 gold pieces
  4491 | D:5      | Bought a scroll labeled DAANUM MACOGG for 24 gold pieces
  4491 | D:5      | Bought a silvery potion for 21 gold pieces
  4491 | D:5      | Bought a bubbling silvery potion for 21 gold pieces
  4491 | D:5      | Bought a scroll labeled QUUTUR LESIN for 24 gold pieces
  4491 | D:5      | Bought a scroll labeled QOL WEECEPPO for 24 gold pieces
  4557 | D:5      | Reached XP level 7. HP: 41/46 MP: 11/11
  4590 | D:5      | Noticed Blork the orc
  4988 | D:5      | Found a basalt altar of Yredelemnul.
  4988 | D:5      | Found a shimmering blue altar of Sif Muna.
  4988 | D:5      | Found an iron altar of Okawaru.
  4988 | D:5      | Found a hide-covered altar of Uskayaw.
  5722 | D:6      | Found a staircase to the Ecumenical Temple.
  5753 | Temple   | Entered the Ecumenical Temple
  5878 | Temple   | Reached XP level 8. HP: 35/52 MP: 5/12
  6023 | D:6      | Reached skill level 6 in Conjurations
  6034 | D:6      | Found a shattered altar of Ashenzari.
  6034 | D:6      | Found a shadowy altar of Dithmenos.
  6061 | D:6      | Killed from afar by an orc priest

Illustrated notes

Levels and vault maps discovered:
D:1:      dpeg_arrival_tiny_a, layout_basic, minmay_tromino_mix6
D:2:      layout_basic, first_ration, bloody_trog
D:3:      layout_basic, minmay_misc_feat_rows, grunt_ministairs_9
D:4:      layout_basic, serial_shops, shop_statue
D:5:      layout_layer_cave, chequers_temple_overflow_statue_of_worship,
          serial_shops, shop_statue, uniq_blork_the_orc
D:6:      layout_rooms, chequers_temple_overflow_minitemple, temple_pool_b,
          portal_sewer_entry_b, minivault_14
Temple:   chequers_temple_sunken

Skill      XL: |  1  2  3  4  5  6  7  8 |
---------------+-------------------------+-----
Conjurations   | 1 2 3 4 5 6 |  6.0
Fire Magic     | 2 3 4 |  4.1
Air Magic      | 1 2 3 |  3.5
Dodging        | |  1.7
Stealth        | |  2.4
Spellcasting   | |  3.2
Summonings     | |  1.0
Translocations | |  0.8

Action                   |  1- 3 |  4- 6 |  7- 9 || total
-------------------------+-------+-------+-------++-------
Melee: Club              |     3 |       |       ||     3
       Whip              |       |    19 |       ||    19
       Hunting sling     |       |     1 |       ||     1
       Morningstar       |       |     7 |    17 ||    24
       Spear             |       |       |     5 ||     5
 Fire: Hunting sling     |       |    76 |    12 ||    88
 Cast: Magic Dart        |    79 |    91 |    13 ||   183
       Mephitic Cloud    |       |     9 |    13 ||    22
       Conjure Flame     |       |     2 |     6 ||     8
 Abil: Dig               |     1 |     4 |     2 ||     7
Evoke: Wand              |       |     6 |       ||     6
  Use: Potion            |       |     6 |     1 ||     7
       Scroll            |       |     1 |     2 ||     3
 Stab: Confused          |       |       |     2 ||     2
  Eat: Chunk             |     1 |    11 |     7 ||    19
Armor: Robe              |     4 |     6 |       ||    10
       Skin              |       |     4 |       ||     4
       Ring mail         |       |       |    14 ||    14
Dodge: Dodged            |     5 |    30 |    67 ||   102
